Map: Prion Terraces

Players

lesha

  • Race: Terran Terran
  • League: Silver

Fidelis - Winner!

  • Race: Protoss Protoss
  • League: Silver

VOD

Have the link to the VOD?

Description

Time

  • Played on: Dec. 24, 2015, 9:22 a.m.
  • Length: 9:25
Show
View Real Time Build Order
Export as new Build Order

lesha Terran 

Build Orders:  

Get SALT Encoding   

  12  0:01  SCV  
  13  0:13  SCV  
  14  0:18  Supply Depot  
  14  0:25  SCV  
  15  0:40  SCV  
  15  0:42  Barracks  
  16  0:49  Refinery  
  16  0:52  SCV  
  17  1:04  SCV  
  18  1:20  SCV  
  19  1:32  SCV, Reaper  
  21  1:44  Orbital Command  
  21  1:48  Command Center  
  21  2:11  Factory  
  21  2:12  SCV  
  22  2:24  Marine  
  23  2:34  Supply Depot  
  23  2:55  SCV  
  24  3:06  SCV  
  24  3:07  SCV  
  25  3:16  Starport  
  25  3:19  SCV x2, Factory Tech Lab  
  27  3:20  Barracks  
  27  3:25  Barracks Reactor  
  27  3:31  SCV  
  28  3:39  Barracks  
  28  3:40  Refinery  
  28  3:56  Factory Reactor  
  28  4:02  Marine x2  
  30  4:04  SCV  
  30  4:05  Orbital Command  
  31  4:12  Refinery x2  
  31  4:14  Barracks Reactor  
  31  4:16  SCV  
  32  4:19  Marine  
  32  4:20  Marine  
  34  4:26  Supply Depot  
  34  4:28  SCV, Supply Depot  
  34  4:30  Supply Depot  
  35  4:40  SCV  
  35  4:42  Marine x2  
  35  4:43  Widow Mine  
  35  4:44  Widow Mine  
  35  4:45  Medivac  
  44  4:55  SCV x2  
  44  4:58  Bunker  
  39  5:07  SCV x2  
  37  5:22  Engineering Bay  
  34  5:42  Marine x4  
  38  6:00  Engineering Bay  
  38  6:01  Marine x3  
  38  6:02  Marine  
  42  6:05  Marauder  
  42  6:07  Stimpack  
  42  6:08  SCV x2  
  42  6:11  Terran Infantry Weapons Level 1  
  46  6:20  SCV x2  
  48  6:26  Medivac  
  48  6:32  SCV x2  
  52  6:42  Engineering Bay  
  52  6:43  Barracks x2  
  52  6:44  SCV  
  53  6:56  Medivac  
  55  7:08  SCV x2  
  55  7:09  Marine x3  
  55  7:10  Marine  
  61  7:20  SCV x2  
  63  7:25  Medivac  
  63  7:28  Marine x2  
  63  7:29  Marine x3  
  70  7:35  Supply Depot  
  70  7:39  Supply Depot  
  70  7:40  SCV, Marine x2  
  70  7:41  Supply Depot  
  64  7:46  Marine x4  
  64  7:47  Marine  
  64  7:48  SCV  
  60  7:52  SCV  
  61  8:00  SCV  
  61  8:02  Factory  
  62  8:13  SCV x2  
  62  8:14  Factory  
  64  8:25  SCV x2  
  66  8:27  Armory  
  66  8:29  Marine  
  67  8:36  Factory Tech Lab  
  67  8:55  SCV x2  
  69  9:01  Command Center  
  69  9:03  Factory Tech Lab  
  69  9:07  SCV x2  
  71  9:15  Factory Tech Lab  
Show
View Real Time Build Order
Export as new Build Order

Fidelis Protoss - Winner!

Build Orders: 1 Gate Expand, Oracle Opening 

Get SALT Encoding   

  12  0:02  Probe (Chrono Boost)  
  13  0:13  Probe (Chrono Boost)  
  14  0:20  Pylon  
  14  0:25  Probe (Chrono Boost)  
  15  0:40  Gateway  
  15  0:42  Probe (Chrono Boost)  
  16  0:52  Probe (Chrono Boost)  
  17  1:03  Probe (Chrono Boost)  
  18  1:17  Nexus  
  18  1:24  Probe (Chrono Boost)  
  19  1:25  Assimilator  
  19  1:35  Cybernetics Core  
  19  1:45  Probe (Chrono Boost)  
  20  1:55  Assimilator  
  20  1:59  Pylon  
  20  2:01  Zealot  
  22  2:13  Probe (Chrono Boost)  
  23  2:24  Probe (Chrono Boost)  
  24  2:35  Probe (Chrono Boost)  
  24  2:36  Stargate  
  25  2:43  Adept (Chrono Boost)  
  26  3:12  Probe  
  26  3:13  Probe  
  27  3:21  Oracle  
  27  3:23  Probe  
  27  3:25  Probe  
  32  3:28  Adept (Chrono Boost)  
  32  3:30  Warp Gate (Chrono Boost)  
  32  3:34  Probe  
  34  3:39  Gateway  
  34  3:40  Gateway  
  35  3:43  Forge  
  35  3:44  Probe  
  36  3:49  Mothership Core  
  36  3:55  Probe, Adept  
  41  4:20  Pylon  
  41  4:25  Pylon  
  41  4:30  Assimilator  
  41  4:33  Adept x2  
  41  4:34  Assimilator  
  41  4:38  Adept  
  47  4:40  Pylon  
  47  4:43  Pylon  
  47  4:48  Photon Cannon  
  47  4:52  Photon Cannon  
  47  5:35  Void Ray  
  51  5:37  Probe  
  52  5:45  Probe  
  52  5:47  Stalker  
  52  5:48  Stalker x2, Probe  
  60  5:56  Robotics Facility  
  60  5:57  Probe  
  60  5:58  Gateway, Probe  
  60  6:01  Gateway  
  60  6:02  Pylon  
  62  6:07  Pylon  
  62  6:10  Pylon  
  62  6:24  Probe  
  62  6:27  Probe  
  64  6:34  Probe  
  64  6:35  Photon Cannon  
  64  6:39  Probe  
  66  6:40  Photon Cannon  
  66  6:47  Probe  
  66  6:48  Pylon  
  66  6:51  Probe, Pylon  
  66  6:52  Observer  
  69  7:01  Protoss Ground Weapons Level 1  
  69  7:04  Stalker  
  69  7:05  Stalker  
  73  7:26  Stalker x3  
  73  7:28  Stalker  
  73  7:29  Stalker  
  83  7:55  Void Ray  
  83  7:57  Stalker x3  
  93  7:58  Stalker  
  95  8:20  Pylon  
  95  8:33  Immortal (Chrono Boost)  
  99  8:36  Pylon  
  99  8:37  Pylon  
  99  8:48  Stalker x2  
  105  8:50  Stalker  
Tags
 
Add a new tag
Caveats
  • Supply blocks, unpowered buildings, or Contaminate may cause inaccurate times.
  • Supply counts are checked every 10 seconds.